 Dungeon Crawl Stone Soup version 0.27-a0-1256-gced786f65e (webtiles) character file.

Game seed: 2172065246995841084

9226 funkygono the Tainter (level 11, -5/75 HPs)
             Began as a Formicid Venom Mage on June 10, 2021.
             Was a Believer of Vehumet.
             Drowned by a water elemental (13 damage)
             ... on level 10 of the Dungeon.
             The game lasted 00:33:46 (12807 turns).

funkygono the Tainter (Formicid Venom Mage)        Turns: 12807, Time: 00:33:46

Health: -5/75      AC: 11    Str: 12    XL:     11   Next: 70%
Magic:  15/25      EV: 13    Int: 25    God:    Vehumet [**....]
Gold:   1499       SH:  0    Dex: 14    Spells: 16/30 levels left

rFire    . . .     SeeInvis +   y - +9 mace "Uhots" {holy, rPois Dex+3}
rCold    . . .     Faith    .   (no shield)
rNeg     + . .     Spirit   .   x - +1 steam dragon scales
rPois    +         Reflect  .   (helmet unavailable)
rElec    .         Harm     .   k - +0 cloak
rCorr    .         Rampage  .   j - +0 pair of gloves
Will     +....                  o - +2 pair of boots {Fly}
Stlth    ++........             d - amulet of regeneration
HPRegen  1.22/turn              h - ring of positive energy
MPRegen  0.19/turn              K - +6 ring of intelligence

@: engulfed (cannot breathe), flying
A: permanent stasis, dig shafts and tunnels, antennae 3, four strong arms
a: Dig, Shaft Self, Renounce Religion


You were on level 10 of the Dungeon.
You worshipped Vehumet.
Vehumet was pleased with you.
You visited 2 branches of the dungeon, and saw 12 of its levels.
You also visited: Ossuary.

You collected 1619 gold pieces.
You spent 120 gold pieces at shops.

Inventory:

Hand Weapons
 b - a +0 club
 c - a +0 flail of protection
 g - a +0 whip of flaming
 q - a +2 whip of draining
 y - the +9 mace "Uhots" (weapon) {holy, rPois Dex+3}
   (You found it on level 6 of the Dungeon)

   It has been blessed by the Shining One to cause great damage to the undead
   and demons.
   It affects your dexterity (+3).
   It protects you from poison.
Missiles
 B - 11 atropa-tipped darts
 F - 2 curare-tipped darts
Armour
 a - a +1 robe
 e - a scarf of harm
 i - a +2 pair of boots
 j - a +0 pair of gloves (worn)
 k - a +0 cloak (worn)
 o - a +2 pair of boots of flying (worn)
 s - a +0 leather armour
 x - +1 steam dragon scales (worn)
 A - the +1 scale mail of Masochism {rElec Will+}
   (You found it on level 6 of the Dungeon)

   It insulates you from electricity.
   It increases your willpower.
Magical Staves
 m - a staff of death
Jewellery
 d - an amulet of regeneration (around neck)
 h - a ring of positive energy (left hand)
 p - an amulet of guardian spirit
 u - a ring of ice
 G - a +6 ring of dexterity
 K - a +6 ring of intelligence (right hand)
Wands
 t - a wand of flame (21)
 D - a wand of acid (13)
 J - a wand of iceblast (8)
Potions
 f - 10 potions of curing
 l - 7 potions of ambrosia
 n - a potion of lignification
 r - a potion of attraction
 v - a potion of invisibility
 w - 3 potions of brilliance
 z - 2 potions of heal wounds
 C - 2 potions of might
 E - a potion of flight
 H - a potion of mutation {unknown}
 I - a potion of resistance {unknown}


   Skills:
 + Level 3.1 Fighting
 + Level 5.6 Maces & Flails
 + Level 3.8 Dodging
 - Level 2.4 Stealth
 + Level 10.2 Spellcasting
 + Level 0.1 Conjurations
 + Level 5.1 Transmutations
 + Level 5.8 Fire Magic
 + Level 1.0 Air Magic
 + Level 12.8 Poison Magic


You had 16 spell levels left.
You knew the following spells:

 Your Spells              Type           Power      Damage    Failure   Level
a - Sting                 Tmut/Pois      100%       1d8       1%          1
b - Poisonous Vapours     Pois/Air       94%        N/A       1%          2
c - Ignite Poison         Fire/Tmut/Pois 51%        N/A       1%          3
d - Mephitic Cloud        Conj/Pois/Air  36%        N/A       2%          3
e - Olgreb's Toxic Radia  Pois           67%        N/A       1%          4
f - Foxfire               Conj/Fire      100%       2x1d9     1%          1

Your spell library contained the following spells:

 Spells                   Type           Power      Damage    Failure   Level
 Sandblast                Erth           24%        2d8       4%          1
 Beastly Appendage        Tmut           76%        N/A       1%          1
 Wereblood                Tmut           38%        N/A       1%          2
 Spider Form              Tmut/Pois      27%        N/A       1%          3
 Magic Dart               Conj           52%        1d5       4%          1
 Conjure Flame            Conj/Fire      27%        6-21      4%          3
 Call Imp                 Summ           12%        N/A       8%          2
 Slow                     Hex            12%        N/A       8%          2
 Ice Form                 Ice/Tmut       25%        N/A       17%         4
 Blink                    Tloc           Unusable   N/A       N/A         2

Dungeon Overview and Level Annotations

Branches:
Dungeon (11/15)            Temple (1/1) D:6            Lair (0/6) D:9
Ossuary (visited)
    Orc: D:9-12

Altars:
Ashenzari
Cheibriados
Dithmenos
Elyvilon
Fedhas
Gozag
Hepliaklqana
Kikubaaqudgha
Makhleb
Nemelex Xobeh
Okawaru
Qazlal
Ru
Sif Muna
Trog
Uskayaw
Vehumet
Wu Jian
Xom
Yredelemnul
Zin
The Shining One
Beogh

Shops:
D:3 *   D:5 ([!   D:9 *

Annotations:
D:3 3 runed translucent doors, PeterLawrence's ghost, amateur MiFi; kae's ghost, amateur DsAK


Innate Abilities, Weirdness & Mutations

You cannot be hasted, slowed, berserked, paralysed or teleported.
You can dig through walls and to a lower floor.
You have a pair of large antennae on your head. (SInv)
Your four strong arms can wield two-handed weapons with a shield.


Message History

The yak is poisoned.
The water elemental hits you!
You barely miss the water elemental.
The water elemental is lightly damaged.
The yak is poisoned.
The water elemental hits you!
The water elemental engulfs you in water!
Unknown command.
You barely miss the water elemental.
The water elemental is lightly damaged.
Your lungs strain for air!
Your toxic aura wanes.
The water elemental misses you.
You hit the water elemental.
The water elemental is moderately damaged.
Your lungs strain for air!
The water elemental misses you.
You hit the water elemental but do no damage.
The water elemental is moderately damaged.
Your lungs strain for air!
The water elemental hits you.
You closely miss the water elemental.
The water elemental is moderately damaged.
Your lungs strain for air!
The water elemental barely misses you.
You closely miss the water elemental.
The water elemental is moderately damaged.
* * * LOW HITPOINT WARNING * * *
Your lungs strain for air!
The water elemental closely misses you.
You hit the water elemental.
The water elemental is moderately damaged.
* * * LOW HITPOINT WARNING * * *
Your lungs strain for air!
The water elemental hits you. x2
* * * LOW HITPOINT WARNING * * *
Unknown command.
* * * LOW HITPOINT WARNING * * *
Your lungs strain for air!
The water elemental closely misses you.
You fly upwards.
You die...

####### ##### #.....# #...##
#.....# ####.#..### ### #.....#
#...E@....# ########..
#.....####.#####.#.###........#
#.....##...# #.#.....########
#.....##.#######.#...####...##
#................#..####.....##
#.....###'#####..#..# #...)...#
#.............#..#..# #.......#
#.............#.....###...)...#
#.............#.###..###.....##


You could see a water elemental.

Vanquished Creatures
  A two-headed ogre (D:10)
  Pikel (D:6)
  Joseph (D:7)
  Maggie (D:7)
  A wind drake (shapeshifter) (D:10)
  A hornet (D:7)
  Sigmund (D:2)
  Eustachio (D:6)
  6 yaks (D:10)
  Menkaure (D:7)
  2 acid dragons (D:10)
  2 water moccasins (D:7)
  Duvessa (D:6)
  2 sky beasts
  3 orc warriors
  2 ogres
  A necrophage (D:4)
  4 lemures (D:6)
  6 centaurs
  3 phantoms
  2 bullfrogs (D:6)
  A gnoll sergeant (D:8)
  4 kobold brigands
  8 scorpions (Ossuary)
  A wyvern zombie (D:7)
  Dowan (D:6)
  A water moccasin skeleton (D:7)
  10 killer bees
  4 electric eels
  4 wights (D:6)
  6 howler monkeys
  7 centaur zombies
  3 hounds
  2 gnoll shamans
  A human zombie (Ossuary)
  3 orc priests
  A bullfrog skeleton (D:5)
  A centaur skeleton (D:6)
  Jessica (D:2)
  4 iguanas
  7 orc wizards
  5 scorpion zombies (Ossuary)
  A hound skeleton (D:5)
  3 mummies (Ossuary)
  8 gnolls
  4 adders
  2 shadow imps (D:5)
  2 white imps
  A worm (D:2)
  4 dart slugs
  19 orcs
  15 endoplasms
  A giant cockroach (D:2)
  3 goblins
  6 hobgoblins
  10 jackals
  26 kobolds
  3 quokkas
  8 ball pythons
  2 bats (D:1)
  2 frilled lizards
  5 goblin zombies (Ossuary)
  5 hobgoblin zombies (Ossuary)
  A kobold zombie (Ossuary)
  An orc zombie (Ossuary)
  A quokka skeleton (D:4)
  6 rats
257 creatures vanquished.

Vanquished Creatures (others)
  4 foxfires (D:9)
  6 fungi (D:9)
  6 plants (D:9)
16 creatures vanquished.

Grand Total: 273 creatures vanquished

Notes
Turn   | Place    | Note
-------+----------+-------------------------------------------
     0 | D:1      | funkygono the Formicid Venom Mage began the quest for the
                  | Orb.
     0 | D:1      | Reached XP level 1. HP: 13/13 MP: 3/3
   473 | D:1      | Reached XP level 2. HP: 11/19 MP: 0/5
   602 | D:1      | Learned a level 2 spell: Poisonous Vapours
  1212 | D:1      | Found a faded altar of an unknown god.
  1302 | D:1      | Reached XP level 3. HP: 24/24 MP: 3/6
  1306 | D:1      | Learned a level 3 spell: Ignite Poison
  2289 | D:2      | Noticed Sigmund
  2447 | D:2      | Reached skill level 5 in Poison Magic
  2704 | D:2      | Reached XP level 4. HP: 21/30 MP: 3/8
  3057 | D:2      | Killed Sigmund
  3058 | D:2      | Reached skill level 1 in Fire Magic
  3058 | D:2      | Reached XP level 5. HP: 22/35 MP: 0/10
  3058 | D:2      | Reached XP level 6. HP: 26/41 MP: 0/11
  3063 | D:2      | Learned a level 4 spell: Olgreb's Toxic Radiance
  3202 | D:2      | Noticed Jessica
  3213 | D:2      | Killed Jessica
  3214 | D:2      | Reached skill level 6 in Poison Magic
  3657 | D:2      | Learned a level 3 spell: Mephitic Cloud
  3947 | D:3      | Found Idothiupp's Assorted Antiques.
  4035 | D:3      | Found a runed translucent gate.
  4037 | D:3      | Found a runed translucent gate.
  4037 | D:3      | Found a runed translucent gate.
  4038 | D:3      | Noticed PeterLawrence's ghost (amateur MiFi)
  4038 | D:3      | Noticed kae's ghost (amateur DsAK)
  4469 | D:3      | Identified a scroll of acquirement
  4469 | D:3      | Acquired an amulet of regeneration
  4533 | D:4      | Noticed a necrophage
  4564 | D:4      | Killed a necrophage
  4565 | D:4      | Reached XP level 7. HP: 11/42 MP: 1/13
  4685 | D:4      | Reached skill level 1 in Maces & Flails
  4819 | D:4      | Reached skill level 5 in Spellcasting
  4969 | D:4      | Found a sand-covered staircase.
  4976 | Ossuary  | Entered an ossuary
  5112 | Ossuary  | Reached skill level 1 in Air Magic
  5112 | Ossuary  | Reached XP level 8. HP: 53/53 MP: 11/15
  5264 | Ossuary  | Reached skill level 7 in Poison Magic
  5334 | Ossuary  | Reached skill level 1 in Fighting
  5836 | Ossuary  | Acquired 826 gold pieces
  6331 | D:4      | Found a bloodstained altar of Trog.
  6592 | D:5      | Entered Level 5 of the Dungeon
  7159 | D:5      | Found Yceuno's Distillery.
  7165 | D:5      | Found Kabbeal's Antique Armour Shoppe.
  7172 | D:5      | Bought a pair of glowing boots for 120 gold pieces
  7338 | D:5      | Reached XP level 9. HP: 59/59 MP: 15/18
  7482 | D:5      | Reached skill level 8 in Poison Magic
  7585 | D:5      | Found Jyal's Weapon Boutique.
  7938 | D:6      | You fall into a shaft and drop 1 floor!
  7965 | D:7      | Reached skill level 9 in Poison Magic
  8091 | D:6      | Noticed Eustachio
  8094 | D:6      | Killed Eustachio
  8150 | D:6      | Noticed Duvessa
  8163 | D:6      | Noticed Dowan
  8166 | D:6      | Killed Duvessa
  8170 | D:6      | Killed Dowan
  8697 | D:6      | Reached XP level 10. HP: 58/60 MP: 19/21
  8838 | D:6      | Noticed Pikel
  8842 | D:6      | Killed Pikel
  8843 | D:6      | Reached skill level 10 in Poison Magic
  8969 | D:6      | Identified the +9 mace "Uhots" {holy, rPois Dex+3}
  9083 | D:6      | Found a staircase to the Ecumenical Temple.
  9089 | Temple   | Entered the Ecumenical Temple
  9098 | Temple   | Became a worshipper of Vehumet
  9448 | D:6      | Identified the +1 scale mail of Masochism {rElec Will+}
  9521 | D:7      | Reached skill level 5 in Maces & Flails
  9545 | D:7      | Noticed Maggie
  9554 | D:7      | Killed Maggie
  9595 | D:7      | Noticed Joseph
  9601 | D:7      | Killed Joseph
  9602 | D:7      | Reached skill level 5 in Fire Magic
  9746 | D:7      | Noticed Menkaure
 10120 | D:7      | Killed Menkaure
 10121 | D:7      | Reached skill level 11 in Poison Magic
 10497 | D:8      | Reached * piety under Vehumet
 10497 | D:8      | Offered knowledge of Foxfire by Vehumet.
 10519 | D:8      | Reached XP level 11. HP: 74/74 MP: 7/24
 10995 | D:8      | Learned a level 1 spell: Foxfire
 11032 | D:9      | Found Tefesmad's Assorted Antiques.
 11417 | D:9      | Found a staircase to the Lair.
 11767 | D:10     | Entered Level 10 of the Dungeon
 11775 | D:10     | Noticed a two-headed ogre
 11781 | D:10     | Killed a two-headed ogre
 11782 | D:10     | Reached skill level 12 in Poison Magic
 12122 | D:10     | Offered knowledge of Sandblast by Vehumet.
 12260 | D:10     | Reached ** piety under Vehumet
 12261 | D:10     | Reached skill level 5 in Transmutations
 12307 | D:10     | Reached skill level 10 in Spellcasting
 12807 | D:10     | Drowned by a water elemental

Illustrated notes

Levels and vault maps discovered:
D:1:      dpeg_arrival_radiant, layout_loops_corners,
          hellmonk_ecumenical_altar_defaced_shrine
D:2:      layout_rooms, minmay_misc_feat_plants, minmay_liquid_box,
          uniq_sigmund, uniq_jessica
D:3:      layout_rooms, serial_shops, nicolae_shop_trees,
          gammafunk_ghost_cemetery, kennysheep_nub, serial_park_tiny_2
D:4:      layout_loops_ring, lightli_temple_of_fire,
          nicolae_ossuary_entry_monument, ebering_dispersal_statue_hall
D:5:      layout_loops_corners, serial_shops, shop, kennysheep_little_box, shop,
          st_stairs_2, grunt_ministairs_9
D:6:      layout_gridville, minmay_temple_entry_hall, uniq_duvessa,
          uniq_eustachio, uniq_pikel
D:7:      layout_rooms, kennysheep_generic_room_4, uniq_joseph, uniq_maggie,
          uniq_menkaure
D:8:      layout_cave_pools
D:9:      layout_basic, dpeg_oklobed_lair, serial_shops, nicolae_shop_crystal
D:10:     kennysheep_six_static_rooms, layout_basic
D:11:     layout_basic, erik_orc_1, minmay_hollow_rounded_squares
Temple:   grunt_wide_crystal_templ

Skill      XL: |  1  2  3  4  5  6  7  8  9 10 11 |
---------------+----------------------------------+-----
Dodging        | 2 3 |  3.8
Poison Magic   | 5 6 7 9 11 12 | 12.8
Spellcasting   | 3 4 5 6 7 9 10 | 10.2
Fire Magic     | 1 2 3 4 5 |  5.8
Transmutations | 2 3 4 5 |  5.1
Maces & Flails | 2 3 4 5 |  5.6
Air Magic      | 1 |  1.0
Fighting       | 1 2 3 |  3.1
Stealth        | |  2.4
Conjurations   | |  0.1

Action                   |  1- 3 |  4- 6 |  7- 9 | 10-12 || total
-------------------------+-------+-------+-------+-------++-------
Melee: Club              |    30 |       |       |       ||    30
       Whip              |    10 |    12 |       |       ||    22
       Flail             |       |    16 |   336 |    11 ||   363
       Mace              |       |       |       |    89 ||    89
 Cast: Sting             |    34 |    49 |   102 |    21 ||   206
       Poisonous Vapours |    25 |    11 |     3 |       ||    39
       Ignite Poison     |       |     4 |    23 |    33 ||    60
       Olgreb's Toxic Ra |       |     1 |    18 |    48 ||    67
       Mephitic Cloud    |       |     1 |     1 |     2 ||     4
       Foxfire           |       |       |       |     2 ||     2
  Use: Scroll            |     4 |     7 |     9 |     8 ||    28
 Stab: Confused          |       |       |     1 |       ||     1
Armor: Robe              |    10 |    13 |   160 |    13 ||   196
       Steam dragon scal |       |       |       |    45 ||    45
Dodge: Dodged            |    16 |    29 |   224 |    84 ||   353

Table legend: (Time is in decaauts)
 A = Elapsed time spent in this place.
 B = Non-inter-level travel time spent in this place.
 C = Inter-level travel time spent in this place.
 D = Time resting spent in this place.
 E = Time spent auto-exploring this place.
 F = Levels seen in this place.
 G = Mean time per level.
                   A        B        C        D        E       F      G
               +--------+--------+--------+--------+--------+-----+--------+
         Total |  12920 |  12587 |    333 |    491 |   9576 |  13 |  993.8 |
       Dungeon |  11827 |  11508 |    319 |    441 |   9063 |  11 | 1075.2 |
        Temple |     75 |     62 |     13 |      0 |     55 |   1 |   75.0 |
       Ossuary |   1017 |   1017 |      0 |     50 |    458 |   1 | 1017.0 |
               +--------+--------+--------+--------+--------+-----+--------+

Top non-repeatable levels by time:
     D:1: 2594 daAuts
     D:6: 1404 daAuts
     D:5: 1346 daAuts
     D:2: 1269 daAuts
     D:4: 1137 daAuts
    D:10: 1028 daAuts
 Ossuary: 1017 daAuts
     D:7: 982 daAuts
     D:9: 769 daAuts
     D:8: 641 daAuts
     D:3: 637 daAuts
  Temple: 75 daAuts
    D:11: 14 daAuts
